 Dungeon Crawl Stone Soup version 0.31-a0-37-g98a128e1d9 (webtiles) character file.

Game seed: 12575400811580658584

91 dracfodder the Firebug (level 4, 0/33 HPs)
             Began as a Demigod Fire Elementalist on May 15, 2023.
             Slain by a cerulean imp
             ... wielding a +2 spear
             ... summoned by Natasha
              (1 damage)
             ... on level 3 of the Dungeon.
             The game lasted 00:14:26 (2306 turns).

dracfodder the Firebug (Demigod Fire Elementalist)  Turns: 2306, Time: 00:14:27

Health: 0/33       AC: 10    Str:  9    XL:     4   Next: 11%
Magic:  4/10       EV: 12    Int: 21    God:
Gold:   40         SH:  5    Dex: 14    Spells: 4/8 levels left

rFire   . . .        c - +0 short sword
rCold   . . .        (no shield)
rNeg    . . .        a - +2 robe
rPois   .            (no helmet)
rElec   .            (no cloak)
rCorr   .            p - +2 pair of gloves
SInv    .            q - +2 pair of boots
Will    .....        j - amulet of reflection
Stlth   ++           (no ring)
HPRegen 0.25/turn    (no ring)
MPRegen 0.12/turn

%: reflection
@: slowed, very slow
A: high MP 1, forlorn, divine attributes
a: no special abilities


You were on level 3 of the Dungeon.
You visited 1 branch of the dungeon, and saw 3 of its levels.

You collected 118 gold pieces.
You spent 78 gold pieces at shops.

Inventory:

Hand Weapons
 c - a +0 short sword (weapon)
Armour
 a - a +2 robe (worn)
 p - a +2 pair of gloves (worn)
 q - a +2 pair of boots (worn)
Jewellery
 j - an amulet of reflection (around neck)
Scrolls
 d - a scroll of magic mapping {unknown}
 h - a scroll of noise
 l - 2 scrolls of teleportation
Potions
 b - a potion of magic
 f - 2 potions of ambrosia
 g - a potion of invisibility {unknown}
 m - a potion of curing
 n - a potion of degeneration {unknown}
 r - a potion of mutation {unknown}


   Skills:
 + Level 2.0 Dodging
 + Level 2.1 Stealth
 + Level 2.5 Spellcasting
 + Level 1.5 Conjurations
 + Level 3.6 Fire Magic


You had 4 spell levels left.
You knew the following spells:

 Your Spells              Type           Power      Damage    Failure   Level
a - Foxfire               Conj/Fire      52%        2x1d6     4%          1
b - Scorch                Fire           36%        2d6       4%          2
c - Sandblast             Erth           4%         2d4       14%         1

Your spell library contained the following spells:

 Spells                   Type           Power      Damage    Failure   Level
 Magic Dart               Conj           36%        1d4       8%          1
 Inner Flame              Hex/Fire       10%        N/A       21%         3
 Volatile Blastmotes      Fire/Tloc      20%        2d11      21%         3
 Call Imp                 Summ           4%         N/A       22%         2
 Passwall                 Tmut/Erth      1%         N/A       22%         2
 Sublimation of Blood     Necr           2%         N/A       22%         2
 Wereblood                Tmut           2%         N/A       22%         2
 Stone Arrow              Conj/Erth      12%        3d7       30%         3
 Mephitic Cloud           Conj/Pois/Air  4%         N/A       34%         3
 Flame Wave               Conj/Fire      13%        2d6       43%         4
 Summon Hydra             Summ           1%         N/A       100%        7


Dungeon Overview and Level Annotations

Branches:
Dungeon (3/15)

Shops:
D:1 *

Annotations:
D:3 Natasha


Innate Abilities, Weirdness & Mutations

You have an increased reservoir of magic. (+10% MP)
You shall have no god before yourself.
Your divine heritage dramatically boosts your attributes as you level up.


Message History

Press: ? - help, Shift-Dir - straight line, f - Natasha
Aim: Natasha (lightly wounded, 76% to hit)
The blast of sand hits the quokka.
You kill the quokka!
The cerulean imp disappears in a puff of smoke!
The cerulean imp closely misses you.
The cerulean imp hits you but does no damage.
Natasha claws you.
The cerulean imp hits you from afar with a +2 spear.
* * * LOW HITPOINT WARNING * * *
Casting: Sandblast (safe; 14% risk of failure)
Confirm with . or Enter, or press ? or * to list all spells.
Aiming: Sandblast (safe; 14% risk of failure)
Press: ? - help, Shift-Dir - straight line, f/p - Natasha
Aim: Natasha (lightly wounded, 76% to hit)
The blast of sand hits Natasha.
Natasha is moderately wounded.
The cerulean imp hits you but does no damage.
Natasha howls an incantation.
Natasha's front paws start to glow.
Natasha casts a spell.
The cerulean imp hits you from afar with a +2 spear.
* * * LOW HITPOINT WARNING * * *
The cerulean imp hits you from afar with a +2 spear.
* * * LOW HITPOINT WARNING * * *
Natasha barely misses you. The cerulean imp misses you.
Casting: Sandblast (safe; 14% risk of failure)
Confirm with . or Enter, or press ? or * to list all spells.
Aiming: Sandblast (safe; 14% risk of failure)
Press: ? - help, Shift-Dir - straight line, f/p - Natasha
Aim: Natasha (moderately wounded, 76% to hit)
The blast of sand hits Natasha but does no damage.
Natasha is moderately wounded.
The cerulean imp barely misses you. Natasha barely misses you.
You block the cerulean imp's attack. The cerulean imp closely misses you.
Natasha completely misses you.
The cerulean imp hits you from afar with a +2 spear.
* * * LOW HITPOINT WARNING * * *
The cerulean imp hits you from afar with a +2 spear.
You die...

#.# ####.# .#
.....#####.# ##
###......... .#
##.##....# .# #.##.#.##
.# ####.<..#.# .#
.(.†....#.#######.######
####..#......r5h@.......
#..#.#.###.5####.###.
#..#.#.####.#
#.........5hr......
##.######.#.#.#.#.# #.#
#........ #.# #. .#. .#.
#.# #... .... .. #.# #
.. .. ?. .


You could see Natasha, 2 cerulean imps and a rat.

Vanquished Creatures
  2 gnolls
  3 adders (D:2)
  A worm (D:2)
  A dart slug (D:2)
  3 endoplasms
  3 goblins
  6 hobgoblins
  2 quokkas
  3 ball pythons
  7 bats
  A frilled lizard (D:3)
  7 kobolds
  3 rats
42 creatures vanquished.

Vanquished Creatures (others)
  64 foxfires
64 creatures vanquished.

Grand Total: 106 creatures vanquished

Notes
Turn   | Place    | Note
-------+----------+-------------------------------------------
     0 | D:1      | dracfodder the Demigod Fire Elementalist began the quest
                  | for the Orb.
     0 | D:1      | Reached XP level 1. HP: 14/14 MP: 5/5
   196 | D:1      | Reached skill level 3 in Fire Magic
   375 | D:1      | Reached XP level 2. HP: 20/20 MP: 1/7
   438 | D:1      | Learned a level 2 spell: Scorch
   486 | D:1      | You fall into a shaft and drop 1 floor!
   538 | D:1      | Reached skill level 1 in Conjurations
   638 | D:1      | Learned a level 1 spell: Sandblast
   930 | D:1      | Found Petaucw's General Store.
   955 | D:1      | Bought a scroll of teleportation for 39 gold pieces
   955 | D:1      | Bought a potion of curing for 39 gold pieces
  1276 | D:2      | Reached XP level 3. HP: 24/26 MP: 3/8
  1902 | D:2      | Reached XP level 4. HP: 10/33 MP: 3/10
  2288 | D:3      | Noticed Natasha
  2306 | D:3      | HP: 1/33 [cerulean imp/+2 spear[Natasha] (3)]
  2306 | D:3      | Slain by a cerulean imp

Illustrated notes

Levels and vault maps discovered:
D:1:      ldierk_walled_garden, layout_loops_ring, serial_shops,
          nicolae_shop_hallway_plus
D:2:      layout_rooms, ebering_ecumenical_altar_webs, minmay_hexomino_u4
D:3:      layout_loops_ring, nicolae_qazlal_style_of_elements,
          grunt_temple_overflow_open, mainiacjoe_overflow_brackets,
          minmay_misc_feat_pillars, uniq_natasha

Skill      XL: |  1  2  3 |
---------------+----------+-----
Fire Magic     | 3 |  3.6
Spellcasting   | 2 |  2.5
Conjurations   | 1 |  1.5
Dodging        | 2 |  2.0
Stealth        | 2 |  2.1

Action                     |  1- 3 |  4- 6 || total
---------------------------+-------+-------++-------
  Melee: Short sword       |    16 |     7 ||    23
   Cast: Foxfire           |    35 |     4 ||    39
         Scorch            |    15 |     5 ||    20
         Sandblast         |    10 |     4 ||    14
    Use: Potion            |     1 |       ||     1
         Scroll            |       |     7 ||     7
 Armour: Robe              |     3 |    27 ||    30
  Dodge: Dodged            |    15 |    23 ||    38
  Block: Other             |       |     8 ||     8

Table legend: (Time is in decaauts)
 A = Elapsed time spent in this place.
 B = Non-inter-level travel time spent in this place.
 C = Inter-level travel time spent in this place.
 D = Time resting spent in this place.
 E = Time spent auto-exploring this place.
 F = Levels seen in this place.
 G = Mean time per level.
                   A        B        C        D        E       F      G
               +--------+--------+--------+--------+--------+-----+--------+
         Total |   2322 |   2267 |     55 |    751 |   1120 |   3 |  774.0 |
       Dungeon |   2322 |   2267 |     55 |    751 |   1120 |   3 |  774.0 |
               +--------+--------+--------+--------+--------+-----+--------+

Top non-repeatable levels by time:
     D:1: 1235 daAuts
     D:2: 969 daAuts
     D:3: 117 daAuts
